 Dungeon Crawl Stone Soup version 0.31-a0-152-g6aa68a64a1 (webtiles) character file.

Game seed: 10649413761987336368

209 qw the Shooter (level 5, -3/46 HPs)
             Began as a Minotaur Hunter on June 9, 2023.
             Slain by a gnoll
             ... wielding a +0 flail
              (9 damage)
             ... on level 3 of the Dungeon.
             The game lasted 00:00:46 (1833 turns).

qw the Shooter (Minotaur Hunter)                    Turns: 1833, Time: 00:00:46

Health: -3/46      AC:  9    Str: 16    XL:     5   Next: 55%
Magic:  4/4        EV:  8    Int:  6    God:
Gold:   163        SH:  0    Dex: 15    Spells: 4/4 levels left

rFire   . . .        Y - +0 shortbow
rCold   . . .        (shield currently unavailable)
rNeg    . . .        e - +0 ring mail
rPois   .            (helmet restricted)
rElec   .            (no cloak)
rCorr   .            (no gloves)
SInv    .            (no boots)
Will    .....        (no amulet)
Stlth   +            d - +4 ring of protection
HPRegen 0.27/turn    (no ring)
MPRegen 0.09/turn

%: no passive effects
@: grasped by roots, constricted
A: horns 2, retaliatory headbutt
a: no special abilities


You were on level 3 of the Dungeon.
You visited 1 branch of the dungeon, and saw 3 of its levels.

You collected 163 gold pieces.


Innate Abilities, Weirdness & Mutations

You have a pair of horns on your head.
You reflexively headbutt those who attack you in melee.


   Skills:
 - Level 4.1 Fighting
 + Level 6.7 Ranged Weapons
 - Level 1.1 Armour
 - Level 2.1 Dodging
 - Level 0.7 Stealth


You had 4 spell levels left.
You didn't know any spells.
Your spell library was empty.

Inventory:

Hand Weapons
 Y - a +0 shortbow (weapon)
Armour
 e - a +0 ring mail (worn)
Jewellery
 a - a ring of positive energy
 d - a +4 ring of protection (left hand)
Potions
 g - a potion of lignification {unknown}

Dungeon Overview and Level Annotations

Branches:
Dungeon (3/15)

Altars:
Wu Jian

Shops:
D:1 !

Annotations:
D:3 Ijyb


Message History

The withered plant begins to crumble.
The gnoll splashes around in the water.
You shoot an arrow. The arrow hits the gnoll!
You kill the gnoll!
Ijyb hits you but does no damage. The grasping roots constrict you.
The orc hits the withered plant with a +0 mace!
The gnoll splashes around in the water.
The gnoll hits you but does no damage.
The grasping roots release their grip on you.
You shoot an arrow. The arrow hits Ijyb.
Ijyb is lightly wounded.
Ijyb hits you with a +0 dagger.
The orc hits the withered plant with a +0 mace.
The gnoll splashes around in the water.
The gnoll closely misses you. Ijyb hits you with a +0 dagger.
You shoot an arrow. The arrow closely misses Ijyb.
The orc hits the withered plant with a +0 mace!
The gnoll hits you but does no damage. x2; Ijyb closely misses you.
You shoot an arrow. The arrow hits Ijyb but does no damage.
Ijyb is lightly wounded.
The withered plant crumbles away.
The gnoll splashes around in the water.
The gnoll closely misses you. Ijyb hits you with a +0 dagger.
You shoot an arrow. The arrow hits Ijyb but does no damage.
Ijyb is lightly wounded.
The orc barely misses you.
The gnoll hits you from afar with a +0 spear.
The gnoll barely misses you.
Ijyb screams, "No!
No, no, no, no!"
Ijyb zaps a wand.
The roots erupt in riotous growth!
The grasping roots grab you!
The orc is unaffected.
Ijyb is unaffected.
The gnoll is unaffected.
The grasping roots constrict you. The gnoll barely misses you.
The orc barely misses you. You furiously retaliate!
You headbutt the orc, but do no damage. The gnoll completely misses you.
You shoot an arrow. The arrow hits Ijyb but does no damage.
Ijyb is lightly wounded.
The gnoll completely misses you. Ijyb barely misses you.
The grasping roots constrict you.
The gnoll hits you from afar with a +0 spear.
The orc barely misses you. The gnoll hits you but does no damage.
The gnoll hits you with a +0 flail!
You die...

##### .[...###. #
.......P. # ....~~...
#### ### # #..~~~.# #..
..# # ##.~~~..# #.. #.#
## #..~~g~.# #.## #.# #.
....~go.# #<.#####.# #.
......g@####........###.
......g.+...............
..........%#...#.#######
...........##.##.#
#..........#####.#
##.........# #.#
##+.......# #.#
#.#....### #.# #.######
#.#


You could see Ijyb, 3 gnolls and an orc.

Vanquished Creatures
  A water moccasin zombie (D:3)
  Jessica (D:2)
  5 adders
  A gnoll (D:3)
  An adder zombie (D:3)
  A worm (D:2)
  4 dart slugs
  3 ball pythons (D:1)
  6 bats
  7 endoplasms
  A giant cockroach (D:2)
  3 goblins
  3 hobgoblins
  4 jackals (D:2)
  7 kobolds
  2 quokkas
  A ball python skeleton (D:3)
  A ball python zombie (D:3)
  2 frilled lizards (D:1)
  2 rats (D:1)
56 creatures vanquished.

Notes
Turn   | Place    | Note
-------+----------+-------------------------------------------
     0 | D:1      | qw the Minotaur Hunter began the quest for the Orb.
     0 | D:1      | Reached XP level 1. HP: 18/18 MP: 0/0
     0 | D:1      | 0 ||| qw: Version: 0.2-a-122-gbc61b45
     0 | D:1      | 0 ||| qw: Game counter: 3359
     0 | D:1      | 0 ||| qw: Always use a shield: true
     0 | D:1      | 0 ||| qw: God list: Okawaru
     0 | D:1      | 0 ||| qw: Allow faded altars: false
     0 | D:1      | 0 ||| qw: Do Orc after D:15 true
     0 | D:1      | 0 ||| qw: Do second Lair branch before Depths: true
     0 | D:1      | 0 ||| qw: Lair rune preference: random
     0 | D:1      | 0 ||| qw: Plans: Normal
     0 | D:1      | 0 ||| PLANNING D:1-11
    94 | D:1      | Found Arulomew's Distillery.
   101 | D:1      | 101 ||| SHOPLISTING potion of cancellation (88 gold, have
                  | 24).
   101 | D:1      | 101 ||| SHOPLISTING potion of curing (33 gold, have 24).
   152 | D:1      | Reached XP level 2. HP: 25/25 MP: 1/1
   180 | D:1      | Reached skill level 5 in Ranged Weapons
   271 | D:1      | Found a faded altar of an unknown god.
   371 | D:1      | Reached skill level 3 in Fighting
   732 | D:1      | 732 ||| UPGRADING to +4 ring of protection.
   733 | D:1      | 733 ||| READING scroll labelled FISEFA YDEVVIN.
   734 | D:1      | 734 ||| DROPPING scroll of butterflies.
   791 | D:2      | Reached XP level 3. HP: 31/31 MP: 2/2
  1103 | D:2      | Reached skill level 6 in Ranged Weapons
  1103 | D:2      | Reached XP level 4. HP: 38/38 MP: 3/3
  1148 | D:2      | Noticed Jessica
  1159 | D:2      | Killed Jessica
  1248 | D:2      | Found an ornate altar of the Wu Jian Council.
  1455 | D:2      | 1455 ||| UPGRADING to +0 ring mail.
  1465 | D:2      | 1465 ||| DROPPING +0 leather armour.
  1466 | D:2      | 1466 ||| READING scroll labelled QAQUASMEGGU.
  1467 | D:2      | 1467 ||| READING scroll labelled AWUMEA MOTUMAI.
  1468 | D:2      | 1468 ||| READING scroll labelled KIUNWAYXYU.
  1539 | D:2      | 1539 ||| READING scroll labelled DIHEAHO VYEPLA.
  1550 | D:3      | 1550 ||| PLANNING SEWER
  1742 | D:3      | Reached skill level 1 in Armour
  1756 | D:3      | Reached XP level 5. HP: 31/46 MP: 4/4
  1817 | D:3      | Noticed Ijyb
  1832 | D:3      | HP: 7/46 [constriction (5)]
  1833 | D:3      | Slain by a gnoll

Levels and vault maps discovered:
D:1:      lightli_arrival_windingriver, layout_basic, serial_shops,
          nicolae_shop_industrial_runoff, chequers_ecumenical_altar_simple
D:2:      layout_loops_ring, basic_altar, uniq_jessica
D:3:      layout_loops_corners, portal_sewer_entry_f, serial_undead,
          serial_undead_e, serial_undead_a, serial_undead_f, serial_undead_f,
          serial_undead_a, uniq_ijyb

Skill      XL: |  1  2  3  4 |
---------------+-------------+-----
Ranged Weapons | 5 6 |  6.7
Fighting       | 3 4 |  4.1
Armour         | 1 |  1.1
Dodging        | |  2.1
Stealth        | |  0.7

Action                     |  1- 3 |  4- 6 || total
---------------------------+-------+-------++-------
   Fire: Shortbow          |    99 |    86 ||   185
    Use: Scroll            |     1 |     4 ||     5
 Armour: Leather armour    |     5 |     3 ||     8
         Ring mail         |       |    22 ||    22
  Dodge: Dodged            |    19 |    36 ||    55

Table legend:
 A = Non-vault XP
 B = Vault XP
 C = Vault XP percentage of total XP
 D = Non-vault monster count
 E = Vault monster count
 F = Vault count percentage of total count
                 A         B        C        D         E       F
            +---------+---------+-------+---------+---------+-------
      Total |     168 |     131 |  43.8 |      51 |       5 |   8.9
            +---------+---------+-------+---------+---------+-------
        D:1 |      34 |       0 |   0.0 |      20 |       0 |   0.0
        D:2 |      97 |      37 |  27.6 |      24 |       1 |   4.0
        D:3 |      37 |      94 |  71.8 |       7 |       4 |  36.4
            +---------+---------+-------+---------+---------+-------
